 Dungeon Crawl Stone Soup version 0.22-a0-283-g1871b15 (webtiles) character file.

28 Amnesiac the Gusty (level 3, 0/19 HPs)
             Began as a Tengu Air Elementalist on Mar 19, 2018.
             Slain by an adder (3 damage)
             ... on level 2 of the Dungeon.
             The game lasted 00:01:05 (961 turns).

Amnesiac the Gusty (Tengu Air Elementalist)          Turns: 961, Time: 00:01:06

Health: 0/19       AC:  2    Str:  8    XL:     3   Next: 14%
Magic:  1/7        EV: 12    Int: 16    God:
Gold:   94         SH:  0    Dex: 14    Spells: 5/6 levels left

rFire    . . .     SeeInvis .   (no weapon)
rCold    . . .     Gourm    .   (no shield)
rNeg     . . .     Faith    .   a - +0 robe
rPois    .         Spirit   .   (helmet restricted)
rElec    .         Reflect  .   (no cloak)
rCorr    .         Harm     .   (no gloves)
MR       .....                  (boots unavailable)
Stlth    ++........             (no amulet)
HPRegen  0.06/turn              (no ring)
MPRegen  0.10/turn              (no ring)

@: no status effects
A: beak, talons 3
a: no special abilities


You were on level 2 of the Dungeon.
You were hungry.

You visited 1 branch of the dungeon, and saw 2 of its levels.

You collected 94 gold pieces.

Inventory:

Armour
 a - a +0 robe (worn)
Scrolls
 b - a scroll of identify {!r, unknown}
 h - a scroll of teleportation {!r, unknown}
 k - a scroll of magic mapping {!r, unknown}
Potions
 d - a potion of berserk rage {!q, unknown}
 e - a potion of curing {!q, unknown}
 g - 2 potions of ambrosia {!q, unknown}
 i - a potion of flight {!q, unknown}
 j - a potion of heal wounds {!q, unknown}
Comestibles
 c - 2 rations
 f - 2 chunks of flesh


   Skills:
 - Level 2.1 Dodging
 - Level 2.0 Stealth
 + Level 2.4 Spellcasting
 - Level 1.3 Conjurations
 * Level 5.1 Air Magic


You had 5 spell levels left.
You knew the following spells:

 Your Spells              Type           Power        Failure   Level  Hunger
a - Shock                 Conj/Air       ##..         5%          1    #......


Dungeon Overview and Level Annotations

Branches:
Dungeon (2/15)

Altars:


Innate Abilities, Weirdness & Mutations

You have a beak for a mouth.
You have claws for feet.


Message History

Confirm with . or Enter, or press ? or * to list all spells.
You don't know that spell.
Sorry, you're not good enough to have a special ability.
Sorry, you're not good enough to have a special ability.
Casting: Shock (safe; 5% risk of failure)
Confirm with . or Enter, or press ? or * to list all spells.
Aiming: Shock (safe; 5% risk of failure)
Press: ? - help, Shift-Dir - straight line, p - adder The zap misses the adder.
The zap hits the adder.
The adder is lightly wounded.
The adder bites you.
Casting: Shock (safe; 5% risk of failure)
Confirm with . or Enter, or press ? or * to list all spells.
Aiming: Shock (safe; 5% risk of failure)
Press: ? - help, Shift-Dir - straight line The zap hits the adder.
The adder is moderately wounded.
The zap misses the adder.
The adder closely misses you. The adder barely misses you.
You closely miss the adder.
The adder is moderately wounded.
The adder bites you.
* * * LOW HITPOINT WARNING * * *
You are poisoned.
The adder poisons you!
You feel sick. The adder bites you but does no damage.
You feel sick. The adder barely misses you.
A bat comes into view.
Casting: Shock (safe; 5% risk of failure)
Confirm with . or Enter, or press ? or * to list all spells.
Aiming: Shock (safe; 5% risk of failure)
Press: ? - help, Shift-Dir - straight line The zap hits the adder.
The adder is heavily wounded.
The zap misses the adder.
The adder barely misses you.
You feel sick. The bat barely misses you. The adder barely misses you.
The bat barely misses you. The bat hits you but does no damage.
The bat hits you but does no damage. The bat hits you.
* * * LOW HITPOINT WARNING * * *
You feel sick.
You are no longer poisoned.
The bat closely misses you. The bat hits you but does no damage.
The bat hits you but does no damage. The bat closely misses you.
The bat misses you. The bat barely misses you. The bat hits you.
* * * LOW HITPOINT WARNING * * *
The bat closely misses you. The bat hits you.
* * * LOW HITPOINT WARNING * * *
The bat completely misses you. The bat completely misses you.
The bat barely misses you.
Casting: Shock (safe; 5% risk of failure)
Confirm with . or Enter, or press ? or * to list all spells.
Aiming: Shock (safe; 5% risk of failure)
Press: ? - help, Shift-Dir - straight line The zap hits the bat.
You kill the bat!
The zap misses the adder.
The adder closely misses you. The adder bites you.
You die...

##########
#....S@..#
#.######.# #.#
##.## #.#####...###
#.##....#......
###.##.##...#####
#[............†.
#.#....÷...#####
...####......#####.


You could see an adder.

Vanquished Creatures
  A leopard gecko (D:1)
  5 bats
  A giant cockroach (D:1)
  5 goblins
  4 hobgoblins
  2 jackals (D:1)
  2 frilled lizards
  A kobold (D:1)
  4 rats (D:1)
25 creatures vanquished.

Notes
Turn   | Place    | Note
-------+----------+-------------------------------------------
     0 | D:1      | Amnesiac the Tengu Air Elementalist began the quest for the Orb.
     0 | D:1      | Reached XP level 1. HP: 10/10 MP: 4/4
    82 | D:1      | Reached XP level 2. HP: 12/15 MP: 1/6
   574 | D:1      | Reached skill level 5 in Air Magic
   868 | D:1      | Reached XP level 3. HP: 19/19 MP: 5/7
   961 | D:2      | Slain by an adder

Vault maps used:
D:1:      lemuel_arrival_muddy
D:2:      first_ration, minmay_tetromino_l2

Skill      XL: |  1  2 |
---------------+-------+-----
Air Magic      | 5 |  5.1
Dodging        | |  2.1
Stealth        | |  2.0
Spellcasting   | |  2.4
Conjurations   | |  1.3

Action                   || total
-------------------------++-------
Melee: Unarmed           ||     6
       Peck              ||     1
 Cast: Shock             ||    43
Armor: Robe              ||     8
Dodge: Dodged            ||    26

Table legend:
 A = Spawn XP
 B = Non-spawn XP
 C = Spawn XP percentage of total XP
 D = Spawn monster count
 E = Non-spawn monster count
 F = Spawn count percentage of total count
 G = Total turns spent on level
                    A         B        C        D         E        F      G
               +---------+---------+-------+---------+---------+-------+---------
         Total |       0 |      41 |   0.0 |       0 |      25 |   0.0 |   961
               +---------+---------+-------+---------+---------+-------+---------
           D:1 |       0 |      35 |   0.0 |       0 |      21 |   0.0 |   909
           D:2 |       0 |       6 |   0.0 |       0 |       4 |   0.0 |    52
               +---------+---------+-------+---------+---------+-------+---------
